 Dungeon Crawl Stone Soup version 0.27-a0-1273-gec92ba881d (console) character file.

Game seed: 1550520921532692360

788 jejorda2 the Slasher (level 7, -2/56 HPs)
             Began as a Merfolk Berserker on June 11, 2021.
             Was an Elder of Trog.
             Splashed by a jelly's acid (3 damage)
             ... on level 5 of the Dungeon.
             The game lasted 00:07:59 (6048 turns).

jejorda2 the Slasher (Merfolk Berserker)            Turns: 6048, Time: 00:08:00

Health: -2/56      AC: -1    Str: 19    XL:     7   Next: 87%
Magic:  7/7        EV: 11    Int:  6    God:    Trog [****..]
Gold:   197        SH:  5    Dex: 14    Spells: 6/6 levels left

rFire    . . .     SeeInvis .   a - +0 long sword
rCold    . . .     Faith    +   g - +0 buckler
rNeg     . . .     Spirit   .   h - +0 ring mail
rPois    .         Reflect  .   (no helmet)
rElec    .         Harm     .   f - scarf {+Inv}
rCorr    .         Rampage  .   r - +0 pair of gloves
Will     .....                  (no boots)
Stlth    +.........             b - amulet of faith
HPRegen  0.18/turn              (no ring)
MPRegen  0.10/turn              (no ring)

@: corroded
A: (nimble swimmer 2), mertail
a: Renounce Religion, Evoke Invisibility, Berserk, Trog's Hand, Brothers in Arms


You were on level 5 of the Dungeon.
You worshipped Trog.
Trog was greatly pleased with you.
You visited 1 branch of the dungeon, and saw 5 of its levels.
You also visited: Sewer.

You collected 197 gold pieces.

Inventory:

Hand Weapons
 a - a +0 long sword (weapon)
 j - a +0 flail
Missiles
 m - 36 poisoned darts (quivered)
Armour
 f - a scarf of invisibility (worn)
 g - a +0 buckler (worn)
 h - a +0 ring mail (worn)
 r - a +0 pair of gloves (worn)
Jewellery
 b - an amulet of faith (around neck)
Scrolls
 i - 4 scrolls of identify {unknown}
 l - 2 scrolls of enchant armour {unknown}
 p - 2 scrolls of fog {unknown}
 q - 2 scrolls of teleportation {unknown}
 t - a scroll of fear {unknown}
 u - a scroll of noise {unknown}
 v - a scroll of amnesia {unknown}
Potions
 c - 3 potions of mutation {unknown}
 d - 5 potions of curing {unknown}
 e - a potion of magic {unknown}
 n - 5 potions of heal wounds {unknown}
 o - 5 potions of flight {unknown}
 s - 3 potions of might {unknown}
 w - a potion of haste {unknown}
 x - a potion of berserk rage {unknown}


   Skills:
 + Level 5.4 Fighting
 * Level 6.9 Long Blades
 + Level 2.2 Armour
 - Level 2.6 Dodging
 - Level 4.2 Shields


You had 6 spell levels left.
You didn't know any spells.
Your spell library was empty.

Dungeon Overview and Level Annotations

Branches:
Dungeon (5/15)              Sewer (visited)
 Temple: D:4-7

Altars:
Gozag
Nemelex Xobeh
Trog
Wu Jian
The Shining One


Innate Abilities, Weirdness & Mutations

((You are quick and stealthy near water. (Stealth+, EV+, Speed+++)))
Your lower body shifts to a powerful aquatic tail in water.


Message History

Found a stone staircase leading down.
There is an open door here.
You hit the jelly.
Your hands burn!
The jelly is lightly wounded.
You block the jelly's attack.
You hit the jelly.
Your hands burn!
The jelly is lightly wounded.
The jelly hits you but does no damage.
You barely miss the jelly.
The jelly is lightly wounded.
The jelly hits you.
You are splashed with acid!
You hit the jelly.
Your hands burn!
The jelly is moderately wounded.
The jelly hits you.
You are splashed with acid!
You are too injured to fight recklessly!
You are too injured to fight recklessly!
You are too injured to fight recklessly!
You are too injured to fight recklessly!
You hit the jelly.
Your hands burn!
The jelly is heavily wounded.
The jelly hits you.
You are splashed with acid!
* * * LOW HITPOINT WARNING * * *
You slash the jelly! The acid corrodes you!
Your hands burn!
* * * LOW HITPOINT WARNING * * *
The jelly is almost dead.
The jelly hits you.
* * * LOW HITPOINT WARNING * * *
The acid corrodes you!
You are splashed with acid!
* * * LOW HITPOINT WARNING * * *
You aren't carrying any items that you can evoke.
Unknown command.
Throw: throwing net
Press: ? - help, Shift-Dir - straight line, f - jelly
Aim: a jelly (almost dead, 90% to hit)
You throw a throwing net. The throwing net hits the jelly.
The jelly is caught in the net!
The jelly is almost dead.
The jelly struggles against the net.
You hit the jelly but do no damage.
Your hands burn!
You die...

>.....# #.....#
#.....# ######
#.....# .....#
#.....# ..##.#
#.....# #.##.#
#'# .....# #J#
#.#..# #@#
#.#..#
#######.#####.#
..#..#
...(..........#
###..#
#######.#######
#..# #.# #..#
#.# #..# #.#
#..# #.# #..#
#.#


You could see a jelly (caught).

Vanquished Creatures
  Eustachio (D:5)
  A black bear (D:5)
  2 bullfrogs
  A scorpion (D:5)
  A water moccasin skeleton (D:5)
  An orc priest (D:4)
  An iguana (D:4)
  2 orc wizards (D:4)
  4 river rats (Sewer)
  7 adders
  2 gnolls (D:5)
  A howler monkey skeleton (D:4)
  An adder skeleton (D:4)
  A worm (D:3)
  2 dart slugs
  An orc (D:4)
  A bat (D:3)
  9 endoplasms
  5 hobgoblins
  3 jackals (D:1)
  21 kobolds
  4 quokkas
  8 ball pythons
  3 frilled lizards
  4 goblins
  22 rats
109 creatures vanquished.

Notes
Turn   | Place    | Note
-------+----------+-------------------------------------------
     0 | D:1      | jejorda2 the Merfolk Berserker began the quest for the Orb.
     0 | D:1      | Reached XP level 1. HP: 18/18 MP: 1/1
   174 | D:1      | Reached XP level 2. HP: 19/24 MP: 2/2
   777 | D:1      | Found a faded altar of an unknown god.
  1301 | D:1      | Reached XP level 3. HP: 27/29 MP: 3/3
  1398 | D:2      | Reached skill level 4 in Long Blades
  1730 | D:2      | Found an ornate altar of the Wu Jian Council.
  2164 | D:3      | Reached ** piety under Trog
  2187 | D:3      | Found a glowing drain.
  2199 | Sewer    | Entered a sewer
  2227 | Sewer    | Reached XP level 4. HP: 30/37 MP: 4/4
  2229 | Sewer    | Reached skill level 1 in Shields
  2569 | Sewer    | Reached XP level 5. HP: 3/42 MP: 5/5
  2872 | Sewer    | Reached *** piety under Trog
  3930 | D:3      | Found a glowing golden altar of the Shining One.
  4552 | D:3      | Found an opulent altar of Gozag.
  4552 | D:3      | Found a bloodstained altar of Trog.
  4723 | D:4      | Reached skill level 5 in Long Blades
  4726 | D:4      | Reached XP level 6. HP: 49/49 MP: 6/6
  5004 | D:4      | Reached **** piety under Trog
  5251 | D:4      | Found a sparkling altar of Nemelex Xobeh.
  5602 | D:5      | Entered Level 5 of the Dungeon
  5610 | D:5      | Noticed a black bear
  5616 | D:5      | Killed a black bear
  5617 | D:5      | Reached skill level 6 in Long Blades
  5617 | D:5      | Reached XP level 7. HP: 55/55 MP: 7/7
  5681 | D:5      | Reached skill level 5 in Fighting
  5882 | D:5      | Noticed Eustachio
  5894 | D:5      | Killed Eustachio
  6045 | D:5      | HP: 1/56 [acid (8)]
  6048 | D:5      | Splashed by a jelly's acid

Illustrated notes

Levels and vault maps discovered:
D:1:      dpeg_arrival_simpleton_a, layout_basic, ebering_ecumenical_altar_mist
D:2:      layout_basic, basic_altar, minmay_misc_feat_nine_boxes
D:3:      layout_basic, old_standard_altar, gammafunk_temple_overflow_pools,
          portal_sewer_entry_d, serial_rivers, chequers_serial_rivers_small_b,
          chequers_serial_rivers_small_3, chequers_serial_rivers_small_3,
          chequers_serial_rivers_small_b, kennysheep_generic_room_4
D:4:      layout_loops_ring, nemelex_spade_bored_becter
D:5:      layout_basic, corexii_leaking_fountain, uniq_menkaure, uniq_eustachio

Skill      XL: |  1  2  3  4  5  6  7 |
---------------+----------------------+-----
Long Blades    | 4 5 6 |  6.9
Shields        | 1 2 3 4 |  4.2
Fighting       | 4 5 |  5.4
Armour         | 2 |  2.2
Dodging        | |  2.6

Action                   |  1- 3 |  4- 6 |  7- 9 || total
-------------------------+-------+-------+-------++-------
Melee: Falchion          |    62 |       |       ||    62
       Long sword        |    24 |   201 |    43 ||   268
       Tailslap          |       |     1 |       ||     1
Throw: Dart              |       |     2 |     5 ||     7
       Throwing net      |       |       |     1 ||     1
Invok: Berserk           |     1 |     5 |       ||     6
  Use: Scroll            |     1 |       |       ||     1
Armor: Animal skin       |     4 |       |       ||     4
       Leather armour    |     2 |       |       ||     2
       Ring mail         |    15 |    73 |     7 ||    95
Dodge: Dodged            |    53 |   138 |    20 ||   211
Block: Buckler           |     4 |    45 |    12 ||    61
       Rpst.: Falchion   |    14 |       |       ||    14
       Long sword        |     4 |    49 |     7 ||    60

Table legend: (Time is in decaauts)
 A = Elapsed time spent in this place.
 B = Non-inter-level travel time spent in this place.
 C = Inter-level travel time spent in this place.
 D = Time resting spent in this place.
 E = Time spent auto-exploring this place.
 F = Levels seen in this place.
 G = Mean time per level.
                   A        B        C        D        E       F      G
               +--------+--------+--------+--------+--------+-----+--------+
         Total |   6073 |   5852 |    221 |    516 |   4516 |   6 | 1012.2 |
       Dungeon |   4665 |   4444 |    221 |    197 |   3692 |   5 |  933.0 |
         Sewer |   1408 |   1408 |      0 |    318 |    824 |   1 | 1408.0 |
               +--------+--------+--------+--------+--------+-----+--------+

Top non-repeatable levels by time:
   Sewer: 1408 daAuts
     D:1: 1402 daAuts
     D:3: 1067 daAuts
     D:4: 1058 daAuts
     D:2: 731 daAuts
     D:5: 405 daAuts
